TOP OF THE 1ST |
Clinton LumberKings batting - Pitching for Kannapolis Intimidators : RHP Dan Lay
|
Pitching: RHP Dan Lay
|
|
Batting: RHB Josh Mauer
|
0-0: Foul Ball, location: 2F 0-1: Ball 1-1: Ball 2-1: Ball 3-1: Foul Ball, location: 2F 3-2: Foul Ball, location: 2F 3-2: Strikes out swinging
|
Batting: RHB Josh Ruhl
|
0-0: Swinging Strike 0-1: Foul Ball, location: 2F 0-2: Ball 1-2: Foul Ball, location: 2F 1-2: Foul Ball, location: 2F 1-2: Foul Ball, location: 2F 1-2: Strikes out swinging
|
Batting: RHB John Peterson
|
0-0: Ball 1-0: SINGLE (Groundball, P, EV 86.9 MPH) (infield hit)
|
Batting: LHB Jawad Fahad
|
0-0: Ball 1-0: Ball 2-0: Ball 3-0: Called Strike 3-1: Fly out, F8 (Flyball, 78D, EV 86.9 MPH)
|
Top of the 1st over - 0 runs, 1 hit, 0 errors, 1 left on base; Clinton 0 - Kannapolis 0 |
BOTTOM OF THE 1ST |
Kannapolis Intimidators batting - Pitching for Clinton LumberKings : LHP Ed Gilroy
|
Pitching: LHP Ed Gilroy
|
|
Batting: RHB Adam Lambert
|
0-0: Called Strike 0-1: Ball 1-1: Foul Ball, location: 2F 1-2: Ball 2-2: Ball 3-2: Ground out 6-3 (Groundball, 6, EV 93.8 MPH)
|
Batting: RHB Mike Warzecha
|
0-0: Ball 1-0: Foul Ball, location: 2F 1-1: Foul Ball, location: 2F 1-2: Strikes out swinging
|
Batting: RHB Dieter Knoops
|
0-0: Ball 1-0: Ball 2-0: Ball 3-0: Base on Balls
|
Batting: RHB Benny O'Connor
|
0-0: Called Strike 0-1: Ball 1-1: Ball 2-1: Foul Ball, location: 2F 2-2: Ball 3-2: Base on Balls Dieter Knoops to second
|
Batting: LHB Dustin Taylor
|
0-0: Foul Ball, location: 2F 0-1: Ball 1-1: Foul Ball, location: 2F 1-2: Strikes out looking
|
Bottom of the 1st over - 0 runs, 0 hits, 0 errors, 2 left on base; Clinton 0 - Kannapolis 0 |
TOP OF THE 2ND |
Clinton LumberKings batting - Pitching for Kannapolis Intimidators : RHP Dan Lay
|
Batting: RHB Justin Colella
|
0-0: Called Strike 0-1: Foul Ball, location: 2F 0-2: Strikes out swinging
|
Batting: LHB Kenny Gerrity
|
0-0: Ground out 6-3 (Groundball, 6M, EV 93.1 MPH)
|
Batting: SHB Raghnall Ahearne
|
0-0: Called Strike 0-1: Ball 1-1: Ball 2-1: Foul Ball, location: 2F 2-2: Foul Ball, location: 2F 2-2: Ball 3-2: Fly out, F7 (Flyball, 7LM, EV 98.8 MPH)
|
Top of the 2nd over - 0 runs, 0 hits, 0 errors, 0 left on base; Clinton 0 - Kannapolis 0 |
BOTTOM OF THE 2ND |
Kannapolis Intimidators batting - Pitching for Clinton LumberKings : LHP Ed Gilroy
|
Batting: RHB Micah Brown
|
0-0: SINGLE (Groundball, 56D, EV 101.2 MPH)
|
Batting: RHB Tyrell Camp
|
0-0: Called Strike 0-1: Ball 1-1: SINGLE (Line Drive, 56D, EV 96.9 MPH) Micah Brown to second
|
Batting: RHB Noah Wall
|
0-0: Foul Ball, location: 2F 0-1: Fly out, F9 (Flyball, 9, EV 86.2 MPH)
|
Batting: SHB Tyler Howard
|
0-0: Called Strike 0-1: Fielders Choice at 2nd, 3-6 (Groundball, 23, EV 93.8 MPH) Micah Brown to third
|
Batting: RHB Adam Lambert
|
0-0: Called Strike 0-1: Fly out, F9 (Flyball, 9, EV 88.8 MPH)
|
Bottom of the 2nd over - 0 runs, 2 hits, 0 errors, 2 left on base; Clinton 0 - Kannapolis 0 |
TOP OF THE 3RD |
Clinton LumberKings batting - Pitching for Kannapolis Intimidators : RHP Dan Lay
|
Batting: SHB Tony Morales
|
0-0: Foul Ball, location: 2F 0-1: Foul Ball, location: 2F 0-2: Foul Ball, location: 2F 0-2: Strikes out swinging
|
Batting: RHB Omar Solis
|
0-0: Swinging Strike 0-1: Ball 1-1: Swinging Strike 1-2: Strikes out swinging
|
Batting: RHB Josh Mauer
|
0-0: Called Strike 0-1: Swinging Strike 0-2: Fly out, F8 (Line Drive, 8LM, EV 105.6 MPH)
|
Top of the 3rd over - 0 runs, 0 hits, 0 errors, 0 left on base; Clinton 0 - Kannapolis 0 |
BOTTOM OF THE 3RD |
Kannapolis Intimidators batting - Pitching for Clinton LumberKings : LHP Ed Gilroy
|
Batting: RHB Mike Warzecha
|
0-0: Ball 1-0: SOLO HOME RUN (Flyball, 7D, EV 94.4 MPH), Distance : 356 ft
|
Batting: RHB Dieter Knoops
|
0-0: Foul Ball, location: 2F 0-1: Foul Ball, location: 2F 0-2: Ball 1-2: Ball 2-2: Foul Ball, location: 2F 2-2: Ball 3-2: Ground out 5-3 (Groundball, 15, EV 80.0 MPH)
|
Batting: RHB Benny O'Connor
|
0-0: Ball 1-0: Ball 2-0: Ground out 5-3 (Groundball, 56S, EV 87.5 MPH)
|
Batting: LHB Dustin Taylor
|
0-0: Ball 1-0: Swinging Strike 1-1: Swinging Strike 1-2: Ball 2-2: Strikes out swinging
|
Bottom of the 3rd over - 1 run, 1 hit, 0 errors, 0 left on base; Clinton 0 - Kannapolis 1 |
TOP OF THE 4TH |
Clinton LumberKings batting - Pitching for Kannapolis Intimidators : RHP Dan Lay
|
Batting: RHB Josh Ruhl
|
0-0: Ground out 5-3 (Groundball, 15, EV 89.4 MPH)
|
Batting: RHB John Peterson
|
0-0: Foul Ball, location: 2F 0-1: Called Strike 0-2: Strikes out looking
|
Batting: LHB Jawad Fahad
|
0-0: Ball 1-0: Swinging Strike 1-1: SOLO HOME RUN (Flyball, 7LD, EV 96.2 MPH), Distance : 347 ft
|
Batting: RHB Justin Colella
|
0-0: Ball 1-0: Called Strike 1-1: Ball 2-1: Called Strike 2-2: Strikes out swinging
|
Top of the 4th over - 1 run, 1 hit, 0 errors, 0 left on base; Clinton 1 - Kannapolis 1 |
BOTTOM OF THE 4TH |
Kannapolis Intimidators batting - Pitching for Clinton LumberKings : LHP Ed Gilroy
|
Batting: RHB Micah Brown
|
0-0: Called Strike 0-1: Swinging Strike 0-2: SINGLE (Line Drive, 56, EV 103.1 MPH)
|
Batting: RHB Tyrell Camp
|
0-0: Ball 1-0: Ball 2-0: Called Strike 2-1: Foul Ball, location: 2F 2-2: Ball 3-2: Base on Balls Micah Brown to second
|
Batting: RHB Noah Wall
|
0-0: Ball 1-0: Called Strike 1-1: Ball 2-1: Fly out, F9 (Flyball, 9, EV 86.2 MPH)
|
Batting: SHB Tyler Howard
|
0-0: Ball 1-0: Called Strike 1-1: Foul Ball, location: 2F 1-2: Foul Ball, location: 2F 1-2: Ball 2-2: Strikes out swinging
|
Batting: RHB Adam Lambert
|
0-0: Ball 1-0: Ball 2-0: Called Strike 2-1: Foul Ball, location: 2F 2-2: Ball 3-2: Fly out, F8 (Flyball, 8LD, EV 89.4 MPH)
|
Bottom of the 4th over - 0 runs, 1 hit, 0 errors, 2 left on base; Clinton 1 - Kannapolis 1 |
TOP OF THE 5TH |
Clinton LumberKings batting - Pitching for Kannapolis Intimidators : RHP Dan Lay
|
Batting: LHB Kenny Gerrity
|
0-0: Called Strike 0-1: Ball 1-1: Ball 2-1: Swinging Strike 2-2: Foul Ball, location: 2F 2-2: Foul Ball, location: 2F 2-2: Ground out 4-3 (Groundball, 4, EV 88.8 MPH)
|
Batting: SHB Raghnall Ahearne
|
0-0: Fly out, F9 (Flyball, 9LM, EV 83.8 MPH)
|
Batting: SHB Tony Morales
|
0-0: Ball 1-0: Ball 2-0: Called Strike 2-1: SINGLE (Groundball, 34D, EV 94.4 MPH)
|
Batting: RHB Omar Solis
|
0-0: Called Strike Tony Morales steals 2nd, throwing error, E2 Tony Morales to third 0-1: Swinging Strike 0-2: SINGLE (Groundball, 56D, EV 105.0 MPH) Tony Morales scores
|
Batting: RHB Josh Mauer
|
0-0: Ball Omar Solis is caught stealing 2nd base 2-4
|
Top of the 5th over - 1 run, 2 hits, 1 error, 0 left on base; Clinton 2 - Kannapolis 1 |
BOTTOM OF THE 5TH |
Kannapolis Intimidators batting - Pitching for Clinton LumberKings : LHP Ed Gilroy
|
Batting: RHB Mike Warzecha
|
0-0: SINGLE (Groundball, 4D, EV 102.5 MPH)
|
Batting: RHB Dieter Knoops
|
0-0: Called Strike 0-1: Ball 1-1: Called Strike 1-2: Strikes out swinging
|
Batting: RHB Benny O'Connor
|
0-0: Called Strike 0-1: Foul Ball, location: 2F 0-2: Foul Ball, location: 2F 0-2: Ball 1-2: Fielders Choice at 2nd, 4-6 (Groundball, 34, EV 106.9 MPH)
|
Batting: LHB Dustin Taylor
|
0-0: Called Strike 0-1: Foul Ball, location: 2F 0-2: Reached on error, E4 (Groundball, 4, EV 97.5 MPH) Benny O'Connor to second
|
Batting: RHB Micah Brown
|
0-0: Called Strike 0-1: Foul Ball, location: 2F 0-2: Strikes out swinging
|
Bottom of the 5th over - 0 runs, 1 hit, 1 error, 2 left on base; Clinton 2 - Kannapolis 1 |
TOP OF THE 6TH |
Clinton LumberKings batting - Pitching for Kannapolis Intimidators : RHP Dan Lay
|
Pitching: LHP Steve Knezevic
|
|
Batting: RHB Josh Mauer
|
0-0: Called Strike 0-1: Swinging Strike 0-2: Ground out 6-3 (Groundball, 6, EV 97.5 MPH)
|
Batting: RHB Josh Ruhl
|
0-0: Swinging Strike 0-1: Ground out 6-3 (Groundball, 56, EV 105.6 MPH)
|
Batting: RHB John Peterson
|
0-0: Ball 1-0: SINGLE (Line Drive, 34D, EV 93.8 MPH)
|
Batting: LHB Jawad Fahad
|
0-0: Ball Wild Pitch! John Peterson to second 1-0: Ball John Peterson steals 3rd base 2-0: Foul Ball, location: 2F 2-1: Ground out 4-3 (Groundball, 34, EV 84.4 MPH)
|
Top of the 6th over - 0 runs, 1 hit, 0 errors, 1 left on base; Clinton 2 - Kannapolis 1 |
BOTTOM OF THE 6TH |
Kannapolis Intimidators batting - Pitching for Clinton LumberKings : LHP Ed Gilroy
|
Pitching: RHP Jace Daniels
|
|
Batting: RHB Tyrell Camp
|
0-0: Foul Ball, location: 2F 0-1: Ball 1-1: Swinging Strike 1-2: Strikes out swinging
|
Batting: RHB Noah Wall
|
0-0: Ball 1-0: Called Strike 1-1: Foul Ball, location: 2F 1-2: Ball 2-2: Foul Ball, location: 2F 2-2: Hit by Pitch
|
Batting: SHB Tyler Howard
|
0-0: Ball 1-0: Ball 2-0: Fly out, F4 (Flyball, 3D, EV 87.5 MPH)
|
Batting: RHB Adam Lambert
|
0-0: Called Strike 0-1: Fly out, F8 (Line Drive, 8RM, EV 102.5 MPH)
|
Bottom of the 6th over - 0 runs, 0 hits, 0 errors, 1 left on base; Clinton 2 - Kannapolis 1 |
TOP OF THE 7TH |
Clinton LumberKings batting - Pitching for Kannapolis Intimidators : LHP Steve Knezevic
|
Batting: RHB Justin Colella
|
0-0: Foul Ball, location: 2F 0-1: Swinging Strike 0-2: Strikes out swinging
|
Batting: LHB Kenny Gerrity
|
0-0: Foul Ball, location: 2F 0-1: Foul Ball, location: 2F 0-2: Strikes out swinging
|
Batting: SHB Raghnall Ahearne
|
0-0: Ball 1-0: Called Strike 1-1: Foul Ball, location: 2F 1-2: Foul Ball, location: 2F 1-2: Fly out, F9 (Flyball, 9LS, EV 87.5 MPH)
|
Top of the 7th over - 0 runs, 0 hits, 0 errors, 0 left on base; Clinton 2 - Kannapolis 1 |
BOTTOM OF THE 7TH |
Kannapolis Intimidators batting - Pitching for Clinton LumberKings : RHP Jace Daniels
|
Pitching: RHP Willie Sanchez
|
|
Batting: RHB Mike Warzecha
|
0-0: Called Strike 0-1: Ball 1-1: DOUBLE (Line Drive, 9LM, EV 94.4 MPH)
|
Batting: RHB Dieter Knoops
|
0-0: Called Strike 0-1: Called Strike 0-2: Ball 1-2: Strikes out swinging
|
Batting: RHB Benny O'Connor
|
0-0: Called Strike 0-1: Ball 1-1: Hit by Pitch
|
Batting: LHB Dustin Taylor
|
0-0: Called Strike 0-1: Swinging Strike 0-2: Ball 1-2: Ball 2-2: Foul Ball, location: 2F 2-2: Ball 3-2: Base on Balls Mike Warzecha to third Benny O'Connor to second
|
Batting: RHB Micah Brown
|
0-0: Called Strike 0-1: Called Strike 0-2: SINGLE (Groundball, 34, EV 104.4 MPH) Mike Warzecha scores Benny O'Connor to third Dustin Taylor to second
|
Pinch Hitting: LHB Jeff Alphonso
|
0-0: Ball 1-0: Foul Ball, location: 2F 1-1: SINGLE (Groundball, 34D, EV 95.0 MPH) Benny O'Connor scores Dustin Taylor to third Micah Brown to second
|
Batting: RHB Noah Wall
|
0-0: Ball 1-0: Called Strike 1-1: DOUBLE (Groundball, 5L, EV 105.0 MPH) Dustin Taylor scores Micah Brown scores Jeff Alphonso to third Runner from 3rd tries for Home, SAFE, throw by LF to trailing runner, SAFE at third!
|
Pitching: RHP Omar Colunga
|
|
Batting: SHB Tyler Howard
|
0-0: Ball 1-0: Ground out 4-3 (Groundball, 4, EV 87.5 MPH) Noah Wall scores
|
Batting: RHB Adam Lambert
|
0-0: Ground out 1-3 (Groundball, 15S, EV 63.8 MPH)
|
Bottom of the 7th over - 6 runs, 4 hits, 0 errors, 0 left on base; Clinton 2 - Kannapolis 7 |
TOP OF THE 8TH |
Clinton LumberKings batting - Pitching for Kannapolis Intimidators : LHP Steve Knezevic
|
Now at 1B: Steve Olenski
|
|
Batting: SHB Tony Morales
|
0-0: Called Strike 0-1: Ball 1-1: Ball 2-1: Foul Ball, location: 2F 2-2: Ground out U3 (Groundball, 34, EV 100.0 MPH)
|
Batting: RHB Omar Solis
|
0-0: SINGLE (Groundball, 56D, EV 103.1 MPH)
|
Batting: RHB Josh Mauer
|
Pickoff Throw to First - Error! E1 Omar Solis to second 0-0: Called Strike 0-1: Ground out 2-3 (Groundball, 15S, EV 72.5 MPH) Omar Solis to third
|
Batting: RHB Josh Ruhl
|
0-0: Called Strike 0-1: Foul Ball, location: 2F 0-2: Strikes out looking
|
Top of the 8th over - 0 runs, 1 hit, 1 error, 1 left on base; Clinton 2 - Kannapolis 7 |
BOTTOM OF THE 8TH |
Kannapolis Intimidators batting - Pitching for Clinton LumberKings : RHP Omar Colunga
|
Batting: RHB Mike Warzecha
|
0-0: Ball 1-0: Ball 2-0: Ball 3-0: Swinging Strike 3-1: Base on Balls
|
Batting: RHB Dieter Knoops
|
0-0: Ball 1-0: Fly out, F8 (Flyball, 8LXD, EV 100.6 MPH)
|
Batting: RHB Benny O'Connor
|
0-0: Foul Ball, location: 2F 0-1: Ball 1-1: Ball 2-1: Foul Ball, location: 2F 2-2: Grounds into double play, 6-4-3 (Groundball, 6S, EV 83.1 MPH)
|
Bottom of the 8th over - 0 runs, 0 hits, 0 errors, 0 left on base; Clinton 2 - Kannapolis 7 |
TOP OF THE 9TH |
Clinton LumberKings batting - Pitching for Kannapolis Intimidators : LHP Steve Knezevic
|
Batting: RHB John Peterson
|
0-0: Ground out 6-3 (Groundball, 6, EV 86.2 MPH)
|
Batting: LHB Jawad Fahad
|
0-0: DOUBLE (Flyball, 78XD, EV 106.9 MPH)
|
Batting: RHB Justin Colella
|
0-0: Ball 1-0: Swinging Strike 1-1: Ball 2-1: Ground out 4-3 (Groundball, 4, EV 90.0 MPH) Jawad Fahad to third
|
Batting: LHB Kenny Gerrity
|
0-0: Ball 1-0: Ground out U3 (Groundball, 3, EV 90.0 MPH)
|
Top of the 9th over - 0 runs, 1 hit, 0 errors, 1 left on base; Clinton 2 - Kannapolis 7 |
|